 Dungeon Crawl Stone Soup version 0.15-a0-1766-g0ee8742 (webtiles) character file.

958 Impoz the Shield-Bearer (level 8, 0/64 HPs)
             Began as a Formicid Fighter on June 28, 2014.
             Was an Initiate of Makhleb.
             Slain by a raven (1 damage)
             ... on Level 6 of the Dungeon.
             The game lasted 00:24:47 (5523 turns).

Impoz the Shield-Bearer (Formicid Fighter)          Turns: 5523, Time: 00:24:47

HP   0/64        AC 12     Str 22      XL: 8   Next: 37%
MP  11/11        EV  6     Int  7      God: Makhleb [......]
Gold 324         SH 11     Dex 12      Spells:  0 memorised,  7 levels left

rFire  . . .     SeeInvis +     F - +0 long sword
rCold  + . .     Clarity  +     t - +3 chain mail {rPois}
rNeg   . . .     rCorr    .     c - +0 shield
rPois  +         rRot     .     (helmet unavailable)
rElec  .         Spirit   .     (no cloak)
SustAb .         Warding  .     (no gloves)
rMut   .         Stasis   +     (no boots)
Gourm  .                        u - amulet of clarity
MR     .....                    (no ring)
                                s - ring of protection from cold

@: very slightly contaminated, invisible, not resistant to hostile enchantments,
extremely unstealthy
A: permanent stasis, dig shafts and tunnels, four strong arms, antennae 3
a: Dig, Shaft Self, Renounce Religion


You were on level 6 of the Dungeon.
You worshipped Makhleb.
Makhleb was noncommittal.
You were very hungry.

You visited 2 branches of the dungeon, and saw 7 of its levels.

You collected 324 gold pieces.

Inventory:

Hand weapons
 F - a +0 long sword (weapon)
 I - the +4 trident of Oxoacver {flame, rF++ MR+ Curse}
   (You found it on level 5 of the Dungeon)

   It emits flame when wielded, causing extra injury to most foes and up to
   double damage against particularly susceptible opponents.
   It greatly protects you from fire.
   It affects your resistance to hostile enchantments.
   It may recurse itself when equipped.
Missiles
 h - 20 sling bullets
 j - 162 stones (quivered)
Armour
 c - a +0 shield (worn)
 t - a +3 chain mail of poison resistance (worn)
Magical devices
 l - a wand of slowing (12) {unknown}
 n - a wand of polymorph (12)
 o - a wand of lightning (0)
Comestibles
 a - 2 meat rations
 d - 7 bread rations
 g - a beef jerky
 w - 2 slices of pizza
Scrolls
 b - a scroll of noise {unknown}
 k - 4 scrolls of identify {unknown}
 m - 3 scrolls of random uselessness {unknown}
 r - a scroll of fear {unknown}
 x - 2 scrolls of remove curse
 y - 6 scrolls of magic mapping {unknown}
 A - 2 scrolls of enchant armour {unknown}
 B - 4 scrolls of recharging {unknown}
 D - 2 scrolls of blinking {unknown}
 E - a scroll of teleportation {unknown}
 G - a scroll of fog {unknown}
 J - a scroll of acquirement {unknown}
 M - a scroll of amnesia {unknown}
Jewellery
 s - a ring of protection from cold (left hand)
 u - an amulet of clarity (around neck)
 K - a cursed ring of loudness {unknown}
Potions
 e - 2 potions of might
 f - 5 potions of curing {unknown}
 i - 3 potions of poison {unknown}
 p - 2 potions of heal wounds {unknown}
 q - a potion of magic {unknown}
 v - a potion of agility {unknown}
 z - 2 potions of invisibility
 C - a potion of paralysis {unknown}
 H - a potion of flight {unknown}
 L - a potion of brilliance {unknown}


   Skills:
 + Level 6.0 Fighting
 * Level 6.1 Long Blades
 - Level 4.0 Armour
 + Level 6.8 Shields


You had 7 spell levels left.
You didn't know any spells.

Dungeon Overview and Level Annotations

Branches:
Dungeon (6/15)             Temple (1/1) D:6

Altars:
Ashenzari
Cheibriados
Elyvilon
Makhleb
Okawaru
Qazlal
Sif Muna
Trog
Xom
Yredelemnul
The Shining One

Annotations:
D:2 Sigmund


Innate Abilities, Weirdness & Mutations

Your are under a permanent stasis effect.
You can dig through walls and to a lower floor.
Your four strong arms can wield two-handed weapons with a shield.
You have a pair of large antennae on your head (SInv).


Message History

* * * LOW HITPOINT WARNING * * *
You are very lightly contaminated with residual magic.
Drink which item? (? for menu, Esc to quit)
Okay, then.
Evoke which item? (* to show all) (? for menu, Esc to quit)
Zapping:
o - a wand of lightning {zapped: 5}
Press: ? - help, Shift-Dir - straight line, f/p - raven
Aim: a raven (almost dead)
You hear a mighty clap of thunder!
The bolt of lightning hits the raven.
The raven is almost dead.
The raven pecks you but does no damage. The raven barely misses you.
The raven pecks you but does no damage. You block the raven's attack.
Evoke which item? (* to show all) (? for menu, Esc to quit)
Zapping:
o - a wand of lightning {zapped: 6}
Press: ? - help, Shift-Dir - straight line, f/p - raven
Aim: a raven (almost dead) Nothing appears to happen.
The raven pecks you.
You die...

..##..##.....(#######....####....
..###............(.((..### ##(##
#..###...........###.#.# #(#
##...............# #.#.# #(#
##....#..........# #.#.# ###.#
.%.#.#####...##.####%#.# ###.(.#
%###.# ##)..##......#.###(.(###
.# #.# ##........##......(.### .#
#.###..#.....@b.....(..(#
.###.##...................##
..........................#
......#####........########
###...# #........# ......#
#........# .###### ########## .#
.#


You could see a raven.

Vanquished Creatures
  An ogre (D:3)
  An ice beast (D:6)
  2 phantoms (D:5)
  A scorpion (D:5)
  A jelly (D:6)
  4 hounds
  An orc wizard (D:5)
  5 worker ants
  An ogre skeleton (D:5)
  Terence (D:2)
  3 adders
  A shadow imp (D:5)
  2 giant mites
  6 worms
  An adder skeleton (D:5)
  2 orc skeletons
  4 oozes
  3 giant geckos
  5 orcs
  9 bats
  A bat skeleton (D:5)
  4 giant cockroaches
  14 goblins
  7 hobgoblins
  11 jackals
  4 ball pythons
  8 giant newts
  A giant spore (D:6)
  A goblin skeleton (D:5)
  14 kobolds
  A kobold skeleton (D:4)
  2 quokkas
  9 rats
  4 ballistomycetes (D:6)
135 creatures vanquished.

Vanquished Creatures (others)
  An orc wizard (D:5)
1 creature vanquished.

Grand Total: 136 creatures vanquished

Notes
Turn   | Place    | Note
--------------------------------------------------------------
     0 | D:1      | Impoz, the Formicid Fighter, began the quest for the Orb.
     0 | D:1      | Reached XP level 1. HP: 18/18 MP: 1/1
   278 | D:1      | Reached XP level 2. HP: 18/24 MP: 3/3
   474 | D:1      | Reached XP level 3. HP: 22/30 MP: 4/4
   831 | D:2      | Reached skill level 4 in Shields
   831 | D:2      | Reached XP level 4. HP: 33/37 MP: 5/5
   964 | D:2      | Noticed Sigmund
  1476 | D:2      | Noticed Terence
  1492 | D:2      | Killed Terence
  1962 | D:2      | Reached XP level 5. HP: 36/42 MP: 7/7
  2291 | D:3      | Found a glowing golden altar of the Shining One.
  2291 | D:3      | Noticed an ogre
  2308 | D:3      | Killed an ogre
  2308 | D:3      | Reached skill level 5 in Shields
  2308 | D:3      | Reached XP level 6. HP: 39/49 MP: 8/8
  2310 | D:3      | Noticed an angel
  2314 | D:3      | Found a basalt altar of Yredelemnul.
  2315 | D:3      | Noticed a profane servitor
  3640 | D:5      | Entered Level 5 of the Dungeon
  3696 | D:5      | Reached skill level 5 in Fighting
  3696 | D:5      | Reached XP level 7. HP: 52/56 MP: 9/9
  3761 | D:5      | Reached skill level 5 in Long Blades
  3761 | D:5      | Reached skill level 6 in Shields
  4499 | D:5      | Reached XP level 8. HP: 64/64 MP: 11/11
  4633 | D:5      | Found a bloodstained altar of Trog.
  4634 | D:5      | Found an iron altar of Okawaru.
  4694 | D:5      | Got a brightly glowing trident
  4695 | D:5      | Identified the +4 trident of Oxoacver {flame, rF++ MR+ Curse} (You found it on level 5 of the Dungeon)
  5146 | D:6      | Found a staircase to the Ecumenical Temple.
  5220 | Temple   | Entered the Ecumenical Temple
  5261 | Temple   | Became a worshipper of Makhleb the Destroyer
  5514 | D:6      | Noticed a raven
  5514 | D:6      | a goliath beetle changed into a raven
  5521 | D:6      | HP: 1/64 [raven (6)]
  5523 | D:6      | Slain by a raven

Action                   |  1- 3 |  4- 6 |  7- 9 || total
-------------------------+-------+-------+-------++-------
Melee: Sling             |    30 |       |       ||    30
       Long sword        |   124 |   264 |   215 ||   603
Throw: Stone             |       |       |    63 ||    63
 Abil: Dig               |     3 |       |       ||     3
Evoke: Wand              |       |     4 |     5 ||     9
  Use: Scroll            |     1 |     1 |       ||     2
       Potion            |       |       |     1 ||     1
